 Dungeon Crawl Stone Soup version 0.27-a0-1308-gc08437e49b (webtiles) character file.

Game seed: 15844506302141757835

774 lmSkywalker the Stinger (level 7, -4/55 HPs)
             Began as a Green Draconian Venom Mage on June 18, 2021.
             Was a Follower of Sif Muna.
             Slain by a two-headed ogre (26 damage)
             ... on level 6 of the Dungeon.
             The game lasted 00:33:55 (5873 turns).

lmSkywalker the Stinger (DrVM)                      Turns: 5873, Time: 00:33:56

Health: -4/55      AC:  6    Str: 16    XL:     7   Next: 53%
Magic:  3/13       EV: 13    Int: 21    God:    Sif Muna [*.....]
Gold:   307        SH:  0    Dex: 12    Spells: 1/14 levels left

rFire    . . .     SeeInvis .   d - +8 hand axe of the Shining Light {drain, rPois rN+ Str+6 Int-2}
rCold    . . .     Faith    .   (no shield)
rNeg     + . .     Spirit   .   (armour unavailable)
rPois    +         Reflect  .   (helmet restricted)
rElec    .         Harm     .   (no cloak)
rCorr    +         Rampage  .   (no gloves)
Will     .....                  (no boots)
Stlth    ++........             (no amulet)
HPRegen  0.18/turn              c - ring of resist corrosion
MPRegen  0.13/turn              u - +6 ring of intelligence

@: short of breath
A: breathe noxious fumes, AC +6, unfitting armour, poison resistance,
cold-blooded
a: Breathe Noxious Fumes, Renounce Religion, Channel Magic


You were on level 6 of the Dungeon.
You worshipped Sif Muna.
Sif Muna was aware of your devotion.
You visited 2 branches of the dungeon, and saw 7 of its levels.

You collected 307 gold pieces.

Inventory:

Hand Weapons
 b - a +1 short sword of speed
 d - the +8 hand axe of the Shining Light (weapon) {drain, rPois rN+ Str+6 Int-2}
   (You found it on level 4 of the Dungeon)

   A truly terrible weapon, it drains the life of those it strikes.
   It affects your strength (+6).
   It affects your intelligence (-2).
   It protects you from poison.
   It protects you from negative energy.
Missiles
 w - 8 curare-tipped darts
Magical Staves
 r - a staff of poison
Jewellery
 c - a ring of resist corrosion (left hand)
 u - a +6 ring of intelligence (right hand)
 C - a ring of protection from cold
Wands
 x - a wand of iceblast (10)
 y - a wand of acid (12)
Scrolls
 a - a scroll of blinking {unknown}
 e - 2 scrolls of teleportation
 g - a scroll of fog {unknown}
 h - a scroll of summoning {unknown}
 j - a scroll of noise {unknown}
 l - a scroll of enchant armour {unknown}
 m - 2 scrolls of identify {unknown}
 n - a scroll of amnesia {unknown}
 q - a scroll of magic mapping {unknown}
 v - 2 scrolls of acquirement {unknown}
 A - 2 scrolls of vulnerability {unknown}
Potions
 f - 4 potions of curing {unknown}
 i - 2 potions of lignification {unknown}
 k - 2 potions of attraction {unknown}
 o - a potion of heal wounds {unknown}
 p - 2 potions of mutation {unknown}
 s - a potion of magic {unknown}
 t - a potion of brilliance {unknown}
 z - a potion of cancellation {unknown}
 B - a potion of resistance {unknown}


   Skills:
 + Level 2.1 Fighting
 - Level 1.0 Axes
 + Level 4.9 Dodging
 - Level 2.0 Stealth
 - Level 4.0 Spellcasting
 - Level 2.0 Transmutations
 - Level 1.0 Fire Magic
 + Level 6.2 Poison Magic


You had one spell level left.
You knew the following spells:

 Your Spells              Type           Power      Damage    Failure   Level
a - Sting                 Tmut/Pois      84%        1d7       2%          1
b - Poisonous Vapours     Pois/Air       34%        N/A       4%          2
c - Ignite Poison         Fire/Tmut/Pois 17%        N/A       11%         3
d - Mephitic Cloud        Conj/Pois/Air  12%        N/A       16%         3
e - Olgreb's Toxic Radia  Pois           30%        N/A       10%         4

Your spell library contained the following spells:

 Spells                   Type           Power      Damage    Failure   Level


Dungeon Overview and Level Annotations

Branches:
Dungeon (6/15)             Temple (1/1) D:4

Altars:
Ashenzari
Cheibriados
Dithmenos
Elyvilon
Fedhas
Kikubaaqudgha
Makhleb
Ru
Sif Muna
Vehumet
Wu Jian
Yredelemnul
The Shining One

Shops:
D:2 *   D:3 (   D:5 (


Innate Abilities, Weirdness & Mutations

You can breathe blasts of noxious fumes.
Your lurid green scales are hard. (AC +6)
You cannot fit into any form of body armour.
Your system is resistant to poisons. (rPois)
You are cold-blooded and may be slowed by cold attacks.


Message History

Aim: a two-headed ogre, wielding a +0 giant spiked club and a +0 giant club (lightly wounded, very poisoned) Poisonous vapours surround the two-headed ogre!
The two-headed ogre looks even sicker.
Casting: Poisonous Vapours (safe; 4% risk of failure)
Confirm with . or Enter, or press ? or * to list all spells.
Aiming: Poisonous Vapours (safe; 4% risk of failure)
Press: ? - help, Dir - move target, f/p - two-headed ogre
Aim: a two-headed ogre, wielding a +0 giant spiked club and a +0 giant club (lightly wounded, very poisoned) Poisonous vapours surround the two-headed ogre!
The two-headed ogre looks as sick as possible!
The two-headed ogre is engulfed in noxious fumes.
The two-headed ogre is engulfed in noxious fumes.
Casting: Poisonous Vapours (safe; 4% risk of failure)
Confirm with . or Enter, or press ? or * to list all spells.
Aiming: Sting (safe; 2% risk of failure)
Press: ? - help, Shift-Dir - straight line, f/p - two-headed ogre
Aim: a two-headed ogre, wielding a +0 giant spiked club and a +0 giant club (moderately wounded, extremely poisoned, 89% to hit)
The sting hits the two-headed ogre.
The two-headed ogre looks as sick as possible!
The two-headed ogre is moderately wounded.
The two-headed ogre hits you with a +0 giant spiked club!
The two-headed ogre hits you with a +0 giant club!!
Casting: Sting (safe; 2% risk of failure)
Confirm with . or Enter, or press ? or * to list all spells.
Aiming: Sting (safe; 2% risk of failure)
Press: ? - help, Shift-Dir - straight line, f/p - two-headed ogre
Aim: a two-headed ogre, wielding a +0 giant spiked club and a +0 giant club (moderately wounded, extremely poisoned, 89% to hit)
The sting hits the two-headed ogre.
The two-headed ogre looks as sick as possible!
The two-headed ogre is heavily wounded.
Casting: Sting (safe; 2% risk of failure)
Confirm with . or Enter, or press ? or * to list all spells.
Aiming: Sting (safe; 2% risk of failure)
Press: ? - help, Shift-Dir - straight line, f/p - two-headed ogre
Aim: a two-headed ogre, wielding a +0 giant spiked club and a +0 giant club (heavily wounded, extremely poisoned, 89% to hit)
The sting hits the two-headed ogre but does no damage.
The two-headed ogre looks as sick as possible!
The two-headed ogre is heavily wounded.
The two-headed ogre hits you with a +0 giant spiked club!!
You die...

#........#
##........#
###.........#
#............# #.
#.........####
####.##.#..........#
....... #..........#
.....>.##..........#
........O@.........#
.......##..........#
.......
#..........####
.......
####..........###
##.....
................#
.....##
#########.###..###
##.## #.# ##.... #.
#.# ##... #.# #...


You could see a two-headed ogre (extremely poisoned).

Vanquished Creatures
  An ogre (D:3)
  A centaur (D:5)
  4 bullfrog zombies (D:5)
  3 hounds
  2 jellies (D:4)
  3 iguanas (D:4)
  An orc wizard (D:5)
  A scorpion zombie (D:5)
  2 hound zombies (D:5)
  A hound skeleton (D:5)
  Robin (D:2)
  7 adders
  2 adder skeletons (D:4)
  A worm (D:4)
  3 dart slugs
  4 orcs (D:5)
  5 ball pythons
  5 endoplasms
  A giant cockroach (D:2)
  9 goblins
  8 hobgoblins
  10 jackals
  2 quokkas
  3 bats
  4 frilled lizards
  3 kobolds
  4 rats
91 creatures vanquished.

Notes
Turn   | Place    | Note
-------+----------+-------------------------------------------
     0 | D:1      | lmSkywalker the Draconian Venom Mage began the quest for
                  | the Orb.
     0 | D:1      | Reached XP level 1. HP: 14/14 MP: 3/3
   399 | D:1      | Reached XP level 2. HP: 20/20 MP: 3/5
  1030 | D:1      | Learned a level 2 spell: Poisonous Vapours
  1332 | D:2      | Reached XP level 3. HP: 26/26 MP: 2/7
  1689 | D:2      | Noticed Robin
  1919 | D:2      | Found Rienal's Assorted Antiques.
  2499 | D:2      | Reached XP level 4. HP: 33/33 MP: 3/8
  2661 | D:2      | Killed Robin
  2821 | D:3      | Noticed an ogre
  2844 | D:3      | Killed an ogre
  2845 | D:3      | Reached XP level 5. HP: 38/38 MP: 0/10
  2955 | D:3      | Found Onuofas's Weapon Emporium.
  3044 | D:3      | Found a shadowy altar of Dithmenos.
  3083 | D:3      | Found a faded altar of an unknown god.
  3545 | D:4      | Learned a level 3 spell: Ignite Poison
  3549 | D:4      | Learned a level 3 spell: Mephitic Cloud
  3595 | D:4      | Found a staircase to the Ecumenical Temple.
  3652 | Temple   | Entered the Ecumenical Temple
  3668 | Temple   | Became a worshipper of Sif Muna the Loreminder
  3740 | D:4      | Identified the +8 hand axe of the Shining Light {drain,
                  | rPois rN+ Str+6 Int-2}
  3799 | D:4      | Found a snail-covered altar of Cheibriados.
  3799 | D:4      | Found a burning altar of Makhleb.
  3807 | D:4      | Found a radiant altar of Vehumet.
  3809 | D:4      | Found a broken altar of Ashenzari.
  3811 | D:4      | Found a glowing golden altar of the Shining One.
  3850 | D:4      | Found a blossoming altar of Fedhas.
  4098 | D:4      | Reached XP level 6. HP: 38/45 MP: 5/11
  4282 | D:4      | Reached skill level 4 in Poison Magic
  4432 | D:4      | Reached skill level 1 in Fire Magic
  4575 | D:4      | You fall into a shaft and drop 1 floor!
  4575 | D:5      | Entered Level 5 of the Dungeon
  4875 | D:5      | Found Laireof's Antique Weapon Boutique.
  5122 | D:5      | Learned a level 4 spell: Olgreb's Toxic Radiance
  5173 | D:5      | Your scales start taking on a lurid green colour.
  5173 | D:5      | Reached skill level 5 in Poison Magic
  5173 | D:5      | Reached XP level 7. HP: 50/50 MP: 9/13
  5173 | D:5      | Gained mutation: Your system is resistant to poisons.
                  | (rPois) [Green Draconian growth]
  5194 | D:5      | Reached * piety under Sif Muna
  5270 | D:5      | Reached skill level 1 in Fighting
  5373 | D:5      | Reached skill level 1 in Axes
  5445 | D:5      | Found a basalt altar of Yredelemnul.
  5457 | D:5      | Reached skill level 6 in Poison Magic
  5862 | D:6      | Noticed a two-headed ogre
  5873 | D:6      | Slain by a two-headed ogre

Illustrated notes

Levels and vault maps discovered:
D:1:      giann_bridges, layout_basic
D:2:      layout_loops_ring, serial_shops, nicolae_shop_window_shopping,
          nrook_uturn, chequers_serial_rivers_micro_b, columned_hall_lemuel,
          kennysheep_generic_room_9, uniq_robin
D:3:      layout_rooms, nicolae_dithmenos_the_darkroom, serial_shops,
          nicolae_diamond_shop, ebering_ecumenical_altar_sacrificial
D:4:      layout_basic, old_standard_altar, chequers_temple_overflow_minitemple,
          minmay_temple_entry_junction, bh_walls_and_bars
D:5:      layout_rooms, nicolae_yredelemnul_corpse_copse, serial_shops,
          nicolae_square_shop, due_unseen_surprise
D:6:      layout_rooms, serial_shops, shop, serial_bayou_pond_b,
          dk_rats_in_the_wall
Temple:   nicolae_temple_great_sept

Skill      XL: |  1  2  3  4  5  6  7 |
---------------+----------------------+-----
Dodging        | 2 3 4 |  4.9
Stealth        | 2 |  2.0
Spellcasting   | 3 4 |  4.0
Poison Magic   | 5 6 |  6.2
Fire Magic     | 1 |  1.0
Transmutations | 2 |  2.0
Fighting       | 2 |  2.1
Axes           | 1 |  1.0

Action                   |  1- 3 |  4- 6 |  7- 9 || total
-------------------------+-------+-------+-------++-------
Melee: Unarmed           |    29 |       |       ||    29
       Tailslap          |     4 |     6 |     8 ||    18
       Short sword       |    54 |    25 |       ||    79
       Staff             |       |    23 |       ||    23
       Hand axe          |       |    34 |    37 ||    71
 Cast: Sting             |    46 |    52 |     8 ||   106
       Poisonous Vapours |    11 |    25 |     5 ||    41
 Abil: Breathe Noxious F |       |       |     2 ||     2
  Use: Scroll            |       |     1 |       ||     1
 Stab: Sleeping          |       |     1 |       ||     1
Armor: Skin              |    18 |    25 |    14 ||    57
Dodge: Dodged            |    64 |    59 |    23 ||   146

Table legend: (Time is in decaauts)
 A = Elapsed time spent in this place.
 B = Non-inter-level travel time spent in this place.
 C = Inter-level travel time spent in this place.
 D = Time resting spent in this place.
 E = Time spent auto-exploring this place.
 F = Levels seen in this place.
 G = Mean time per level.
                   A        B        C        D        E       F      G
               +--------+--------+--------+--------+--------+-----+--------+
         Total |   5884 |   5680 |    204 |   1631 |   1670 |   7 |  840.6 |
       Dungeon |   5856 |   5662 |    194 |   1631 |   1658 |   6 |  976.0 |
        Temple |     27 |     17 |     10 |      0 |     12 |   1 |   27.0 |
               +--------+--------+--------+--------+--------+-----+--------+

Top non-repeatable levels by time:
     D:1: 1494 daAuts
     D:2: 1345 daAuts
     D:4: 1245 daAuts
     D:5: 1082 daAuts
     D:3: 501 daAuts
     D:6: 186 daAuts
  Temple: 27 daAuts
